 Dungeon Sprint DCSS version 0.26-a0-652-gafc20e3620 (webtiles) character file.

Game seed: 7153240144216328889

3500000 reriks the Intangible (level 22, -101/254 HPs)
             Began as a Deep Dwarf Berserker on Oct 3, 2020.
             Was an Initiate of Makhleb.
             Annihilated by a large bag of meat
             ... wielding a +9 giant spiked club
              (128 damage)
             ... in the Dungeon (Sprint VIII: "Arena of Blood").
             The game lasted 00:01:55 (35 turns).

reriks the Intangible (Deep Dwarf Berserker)          Turns: 35, Time: 00:01:55

Health: -101/254   AC:  4    Str: 30    XL:     22   Next: 51%
Magic:  21/53      EV: 28    Int:  9    God:    Makhleb [......]
Gold:   0          SH:  0    Dex: 12    Spells: 75/75 levels left

rFire    . . .     SeeInvis .   i - +∞ Axe of Woe
rCold    . . .     Faith    .   (shield currently unavailable)
rNeg     + . .     Spirit   .   b - +0 animal skin
rPois    .         Reflect  .   (no helmet)
rElec    .         Harm     .   (no cloak)
rCorr    .         Rampage  .   (no gloves)
MR       +++..     NoTele   +   (no boots)
Stlth    +++++++++.             (no amulet)
HPRegen  0.00/turn              (no ring)
MPRegen  0.33/turn              (no ring)

@: non-regenerating
A: damage resistance, heal wounds, negative energy resistance 1, sense
surroundings 3, no regeneration
a: Heal Wounds, Renounce Religion


You were in the Dungeon.
You worshipped Makhleb.
Makhleb was noncommittal.
You visited 1 branch

Inventory:

Hand Weapons
 a - a +0 hand axe
 i - the +∞ Axe of Woe (weapon)
   (You found it in the Dungeon)
Armour
 b - a +0 animal skin (worn)
Scrolls
 h - a scroll of blinking
Potions
 c - a potion of curing
 d - a potion of heal wounds
 e - a potion of haste
 f - 2 potions of magic
 g - a potion of berserk rage


   Skills:
 O Level 27 Fighting
 O Level 27 Axes
 O Level 27 Throwing
 O Level 27 Armour
 O Level 27 Dodging
 O Level 27 Stealth
 O Level 27 Unarmed Combat
 O Level 27 Spellcasting


You had 75 spell levels left.
You didn't know any spells.
Your spell library was empty.

Dungeon Overview and Level Annotations

Branches:
Dungeon (1/1)

Altars:
Makhleb


Innate Abilities, Weirdness & Mutations

You are resistant to damage.
You can heal yourself by infusing magical energy.
You resist negative energy. (rN+)
You passively map a large area around you.
You do not regenerate.


Message History

* * * LOW HITPOINT WARNING * * *
You hear a shout! x5
A meat berserker comes into view. It is wielding a +9 battleaxe.
You hear a shout!
The large bag of meat is engulfed in blazing flames.
You hear a shout! x2
The meat berserker rages.
The bag of meat is engulfed in blazing flames.
You hear a shout!
You are engulfed in blazing flames.
* * * LOW HITPOINT WARNING * * *
You hear a shout! x3
The large bag of meat is engulfed in blazing flames.
You hear a shout!
A bag of meat comes into view. It is wielding a +9 war axe.
The bag of meat is engulfed in blazing flames.
The large bag of meat is engulfed in blazing flames.
The large bag of meat hits you with a +9 giant spiked club!!!!
Ouch! That really hurt!
You die...

,*, , #..., ..#, , *
. , #... ..#, , ,
...###..o ,..###..
,, , ,,
.......O###.o..... *
,
#........_).......,
,,
......#...).#.....
,* * ......#_)OO_#
... ,,, ,,
......#o§O§§#.....,*
,
,#.....§o§O@§......
, ,
......oO###§...... *
, ...###)))....###..
, , , , ..,
,#.))....#, , , ,, ,
#o......# , , *, ,
,.ooo........ , , ,,
* *,*
..o..........,* ,
oo.............* ,*,
, * o............##
,


You could see 3 large bags of meat, 3 meat berserkers and 4 bags of meat.

Vanquished Creatures
  13 ogres (D)
  2 two-headed ogres (D)
  11 orcs (D)
26 creatures vanquished.

Notes
Turn   | Place    | Note
-------+----------+-------------------------------------------
     0 | D        | Found the +∞ Axe of Woe
     0 | D        | reriks the Deep Dwarf Berserker began the quest for the
                  | Orb.
     0 | D        | Reached XP level 1. HP: 20/20 MP: 1/1
     2 | D        | Noticed a bag of meat
     3 | D        | Noticed a bag of meat
     5 | D        | Noticed a bag of meat
     6 | D        | Killed a bag of meat
     6 | D        | Reached skill level 15 in Axes
     6 | D        | Reached skill level 15 in Armour
     6 | D        | Reached skill level 15 in Dodging
     6 | D        | Reached XP level 2. HP: 49/49 MP: 2/2
     6 | D        | Reached XP level 3. HP: 56/56 MP: 3/3
     6 | D        | Reached XP level 4. HP: 64/64 MP: 4/4
     6 | D        | Reached XP level 5. HP: 72/72 MP: 5/5
     6 | D        | Reached XP level 6. HP: 80/80 MP: 6/6
     6 | D        | Reached XP level 7. HP: 87/87 MP: 7/7
     6 | D        | Reached XP level 8. HP: 96/96 MP: 8/8
     6 | D        | Gained mutation: You passively map the area around you.
                  | [Deep Dwarf growth]
     6 | D        | Reached XP level 9. HP: 103/103 MP: 9/9
     6 | D        | Reached XP level 10. HP: 111/111 MP: 10/10
     6 | D        | Reached XP level 11. HP: 118/118 MP: 11/11
     7 | D        | Killed a bag of meat
     7 | D        | Reached ** piety under Trog
     7 | D        | Reached skill level 15 in Fighting
     7 | D        | Reached XP level 12. HP: 133/133 MP: 12/12
     8 | D        | Noticed a bag of meat
     8 | D        | Noticed a meat berserker
    10 | D        | Killed a bag of meat
    10 | D        | Reached XP level 13. HP: 144/144 MP: 13/13
    12 | D        | Noticed a bag of meat
    13 | D        | Killed a meat berserker
    13 | D        | Gained mutation: You resist negative energy. (rN+) [Deep
                  | Dwarf growth]
    13 | D        | Reached XP level 14. HP: 159/159 MP: 14/14
    13 | D        | Noticed a bag of meat
    13 | D        | Noticed a meat berserker
    13 | D        | Noticed a bag of meat
    13 | D        | Noticed a bag of meat
    13 | D        | Noticed a bag of meat
    15 | D        | Noticed a bag of meat
    15 | D        | Noticed a meat berserker
    15 | D        | Noticed a meat berserker
    16 | D        | Killed a bag of meat
    16 | D        | Reached *** piety under Trog
    16 | D        | Reached XP level 15. HP: 169/169 MP: 15/15
    16 | D        | Noticed a meat berserker
    17 | D        | Noticed a meat berserker
    17 | D        | Noticed a meat berserker
    17 | D        | Noticed a meat berserker
    17 | D        | Noticed a meat berserker
    18 | D        | Noticed a large bag of meat
    18 | D        | Reached XP level 16. HP: 142/184 MP: 16/16
    18 | D        | Reached **** piety under Trog
    18 | D        | Noticed a meat berserker
    19 | D        | Killed a meat berserker
    19 | D        | Reached skill level 27 in Axes
    19 | D        | Reached skill level 27 in Armour
    19 | D        | Reached skill level 27 in Dodging
    19 | D        | Reached XP level 17. HP: 154/200 MP: 17/17
    20 | D        | Killed a meat berserker
    20 | D        | Reached skill level 27 in Fighting
    20 | D        | Killed a meat berserker
    20 | D        | Gained mutation: You passively map a large area around you.
                  | [Deep Dwarf growth]
    20 | D        | Reached XP level 18. HP: 168/218 MP: 18/18
    20 | D        | Noticed a large bag of meat
    21 | D        | Noticed a meat berserker
    22 | D        | Killed a meat berserker
    22 | D        | Reached ***** piety under Trog
    22 | D        | Reached skill level 27 in Throwing
    22 | D        | Reached skill level 5 in Unarmed Combat
    23 | D        | Noticed a large bag of meat
    23 | D        | Noticed a large bag of meat
    23 | D        | Noticed a large bag of meat
    23 | D        | Noticed a meat berserker
    24 | D        | Killed a meat berserker
    24 | D        | Reached XP level 19. HP: 177/226 MP: 18/34
    24 | D        | Noticed a meat berserker
    25 | D        | Killed a meat berserker
    25 | D        | Reached skill level 15 in Unarmed Combat
    26 | D        | Killed a meat berserker
    26 | D        | Reached * piety under Trog
    26 | D        | Fell from the grace of Trog
    26 | D        | Reached XP level 20. HP: 186/236 MP: 18/41
    27 | D        | Killed a meat berserker
    27 | D        | Reached skill level 27 in Stealth
    28 | D        | Noticed a large bag of meat
    29 | D        | Killed a meat berserker
    29 | D        | Reached XP level 21. HP: 192/244 MP: 19/49
    30 | D        | Killed a large bag of meat
    30 | D        | Reached skill level 27 in Unarmed Combat
    30 | D        | Reached skill level 27 in Spellcasting
    32 | D        | Killed a large bag of meat
    32 | D        | Reached XP level 22. HP: 77/254 MP: 20/53
    34 | D        | Became a worshipper of Makhleb the Destroyer
    35 | D        | Annihilated by a large bag of meat

Illustrated notes

Levels and vault maps discovered:
D:        meatsprint

Skill      XL: |  1  2  3  4  5  6  7  8  9 10 11 12 13 14 15 16 17 18 19 20 21 |
---------------+----------------------------------------------------------------+-----
Fighting       | 13 15 17 19 22 24 27 | 27.0
Axes           | 15 18 19 21 22 25 27 | 27.0
Armour         | 15 18 19 21 22 25 27 | 27.0
Dodging        | 15 18 19 21 22 25 27 | 27.0
Throwing       | 21 27 | 27.0
Stealth        | 16 24 27 | 27.0
Unarmed Combat | 12 18 25 27 | 27.0
Spellcasting   | 11 17 24 27 | 27.0

Action                   |  1- 3 |  4- 6 |  7- 9 | 10-12 | 13-15 | 16-18 | 19-21 | 22-24 || total
-------------------------+-------+-------+-------+-------+-------+-------+-------+-------++-------
Melee: Executioner's axe |     1 |       |       |     2 |     3 |     4 |     6 |     1 ||    17
Invok: Trog's Hand       |       |       |       |       |       |     1 |       |       ||     1
Dodge: Dodged            |       |       |       |       |     1 |     1 |     2 |       ||     4

Table legend: (Time is in decaauts)
 A = Elapsed time spent in this place.
 B = Non-inter-level travel time spent in this place.
 C = Inter-level travel time spent in this place.
 D = Time resting spent in this place.
 E = Time spent auto-exploring this place.
 F = Levels seen in this place.
 G = Mean time per level.
                   A        B        C        D        E       F      G
               +--------+--------+--------+--------+--------+-----+--------+
         Total |     32 |     32 |      0 |      0 |      0 |   1 |   32.0 |
       Dungeon |     32 |     32 |      0 |      0 |      0 |   1 |   32.0 |
               +--------+--------+--------+--------+--------+-----+--------+

Top non-repeatable levels by time:
       D: 32 daAuts
